 Dungeon Crawl Stone Soup version 0.24-a0-616-ge2a249a6fd (webtiles) character file.

Game seed: 11936669666888002720, levelgen mode: deterministic

11739 Bodigarde the Nimble (level 11, 56/56 HPs)
             Began as a Spriggan Warper on Sept 9, 2019.
             Was an Elder of Dithmenos.
             Quit the game on level 10 of the Dungeon on Sept 14, 2019.
             The game lasted 01:24:04 (22065 turns).

Bodigarde the Nimble (Spriggan Warper)             Turns: 22065, Time: 01:24:04

Health: 56/56      AC:  5    Str:  7    XL:     11   Next: 53%
Magic:  22/22      EV: 29    Int: 19    God:    Dithmenos [****..]
Gold:   666        SH:  7    Dex: 19    Spells: 7/24 levels left

rFire    . . .     SeeInvis +   a - +2 dagger (venom)
rCold    + . .     Gourm    .   G - +0 buckler
rNeg     + . .     Faith    +   J - +1 robe {rC+}
rPois    .         Spirit   .   (helmet restricted)
rElec    .         Reflect  .   u - +1 cloak
rCorr    .         Harm     .   (gloves unavailable)
MR       +....                  (boots unavailable)
Stlth    ++........             F - amulet of faith
HPRegen  0.18/turn              g - ring of positive energy
MPRegen  0.18/turn              K - +4 ring of dexterity

@: wreathed by umbra, very quick
A: very small, unfitting armour, see invisible, herbivore, speed 3, slow
metabolism 2
a: Shadow Step, Renounce Religion


You were on level 10 of the Dungeon.
You worshipped Dithmenos.
Dithmenos was greatly pleased with you.
You were very hungry.

You visited 3 branches of the dungeon, and saw 13 of its levels.

You collected 666 gold pieces.

Inventory:

Hand Weapons
 a - a +2 dagger of venom (weapon)
 b - a +0 hunting sling
Missiles
 c - 323 stones
 d - 4 throwing nets
 o - 4 poisoned darts (quivered)
 w - 5 boomerangs
 E - 127 sling bullets
Armour
 t - a +0 robe
 u - a +1 cloak (worn)
 G - a +0 buckler (worn)
 J - a +1 robe of cold resistance (worn)
Jewellery
 g - a ring of positive energy (left hand)
 r - an uncursed ring of wizardry
 F - an amulet of faith (around neck)
 I - an uncursed ring of positive energy
 K - a +4 ring of dexterity (right hand)
Wands
 j - a wand of acid (2)
 y - a wand of flame (4)
Scrolls
 i - a scroll of enchant armour
 k - 4 scrolls of remove curse
 l - 4 scrolls of teleportation
 m - a scroll of noise {unknown}
 p - a scroll of enchant weapon {unknown}
 v - a scroll of amnesia {unknown}
 z - a scroll of blinking
 C - a scroll of summoning {unknown}
 D - a scroll of fear
Potions
 e - a potion of resistance
 h - 3 potions of flight
 n - a potion of lignification
 q - a potion of haste
 s - 5 potions of mutation
 A - 2 potions of curing
 B - a potion of magic
Comestibles
 f - 8 rations


   Skills:
 + Level 5.8 Fighting
 - Level 10.0 Short Blades
 * Level 9.7(9.8) Slings
 - Level 1.0(5.1) Throwing
 + Level 12.3 Dodging
 + Level 3.9 Shields
 - Level 7.0 Spellcasting
 - Level 8.1 Translocations


You had 7 spell levels left.
You knew the following spells:

 Your Spells              Type           Power        Failure   Level  Hunger
a - Blink                 Tloc           N/A          1%          2    None
b - Shroud of Golubria    Chrm/Tloc      ###...       3%          2    None
c - Gell's Gravitas       Tloc           #####.....   1%          3    #......
d - Passage of Golubria   Tloc           N/A          4%          4    ###....
e - Lesser Beckoning      Tloc           #####.....   1%          3    #......
f - Teleport Other        Tloc           #####...     1%          3    #......

Your spell library contained the following spells:

 Spells                   Type           Power        Failure   Level  Hunger


Dungeon Overview and Level Annotations

Branches:
Dungeon (11/15)            Temple (1/1) D:4            Lair (1/6) D:10
    Orc: D:9-12

Altars:
Ashenzari
Cheibriados
Dithmenos
Elyvilon
Fedhas
Gozag
Hepliaklqana
Kikubaaqudgha
Makhleb
Nemelex Xobeh
Okawaru
Qazlal
Ru
Sif Muna
Trog
Uskayaw
Vehumet
Xom
Yredelemnul
Zin
The Shining One

Shops:
D:5 :


Innate Abilities, Weirdness & Mutations

You are very small and have problems with some larger weapons.
You are too small for most types of armour.
You have supernaturally acute eyesight. (SInv)
You are a herbivore.
You cover ground extremely quickly.
You need to consume almost no food.


Message History

You feel sick.
You feel sick.
There is a staircase back to the Dungeon here.
You feel sick.
You climb upwards.
Welcome back to the Dungeon!
You feel sick.
There is a staircase to the Lair here.
You see here 2 scrolls of random uselessness.
You start resting.
You feel sick. x11
You are no longer poisoned.
You start resting.
HP restored.
Saving game... please wait.
Welcome back, Bodigarde the Spriggan Warper.
Dithmenos says: Spread the eternal night.
Press ? for a list of commands and other information.
Saving game... please wait.
Welcome back, Bodigarde the Spriggan Warper.
Dithmenos says: Spread the eternal night.
Press ? for a list of commands and other information.
Are you sure you want to abandon this character and quit the game? (Confirm with "yes".)

.# #...#### #......#..
.############......### #......#..
|..........#♣....♣.P.###.#..#....
.#########..........PP##.#..#.[.#
........##♣.)..P.....P......#...#
.######.##.......P.[.♣.###..#...#
.# #.#..♣....P.......##..##... ##
#.#...P.P.......P.##...#...
##.#......P@PP.♣.P......###.
#..#....P........P..##....##
#.##..♣P.P♣..P..............
#.###.P.P...PP....##.#......
#.##......P.......##.#######
#.##.#...........###.# ##
#.##.##.P...P.PP## #.#
.#####.##.####P......####.#
[.....[...................#


There were no monsters in sight!

Vanquished Creatures
  Erolcha (D:9)
  Harold (D:9)
  Fannar (D:10)
  An unseen horror (D:10)
  Joseph (D:7)
  A centaur skeleton (D:10)
  A kobold demonologist (D:10)
  Grinder (D:4)
  A spriggan (D:9)
  A wraith (D:10)
  A wyvern (D:9)
  A basilisk (D:10)
  13 yaks
  A hungry ghost (D:9)
  2 water moccasins (D:9)
  5 porcupines (D:10)
  Duvessa (D:3)
  3 ice beasts
  2 black bears
  A phantom (D:6)
  4 orc warriors
  6 ogres
  3 centaurs
  4 crocodiles
  2 big kobolds
  4 bullfrogs
  Dowan (D:4)
  A scorpion (D:9)
  3 wights (D:10)
  6 howler monkeys
  6 crimson imps
  2 centaur zombies
  A bullfrog zombie (D:8)
  2 jellies
  4 hounds
  9 orc priests
  12 orc wizards
  3 bullfrog skeletons
  Ijyb (D:4)
  5 iguanas
  6 worker ants
  A hound zombie (D:8)
  A worker ant zombie (D:5)
  11 gnolls
  A howler monkey skeleton (D:4)
  8 adders
  2 shadow imps
  2 oozes
  2 worms
  An adder skeleton (D:4)
  An adder zombie (D:9)
  2 dart slugs (D:2)
  3 leopard geckos
  37 orcs
  2 bats
  3 giant cockroaches
  7 goblins
  7 hobgoblins
  13 jackals
  4 quokkas
  2 ball pythons (D:3)
  A frilled lizard (D:2)
  19 kobolds
  2 quokka zombies
  5 rats (D:1)
  A bush (D:10)
263 creatures vanquished.

Vanquished Creatures (others)
  3 fungi (D:10)
  4 plants (D:10)
7 creatures vanquished.

Grand Total: 270 creatures vanquished

Notes
Turn   | Place    | Note
-------+----------+-------------------------------------------
     0 | D:1      | Bodigarde the Spriggan Warper began the quest for the Orb.
     0 | D:1      | Reached XP level 1. HP: 10/10 MP: 5/5
  1042 | D:1      | Reached XP level 2. HP: 14/14 MP: 6/6
  1264 | D:1      | Learned a level 2 spell: Blink
  1267 | D:1      | Learned a level 2 spell: Shroud of Golubria
  1813 | D:2      | You fall into a shaft and drop 1 floor!
  2103 | D:2      | Reached skill level 4 in Dodging
  2134 | D:1      | Reached XP level 3. HP: 18/18 MP: 8/8
  2139 | D:1      | Learned a level 3 spell: Gell's Gravitas
  2197 | D:2      | Reached XP level 4. HP: 22/22 MP: 3/10
  2345 | D:2      | Reached skill level 5 in Translocations
  2390 | D:2      | Found a shadowy altar of Dithmenos.
  3327 | D:3      | Reached XP level 5. HP: 20/25 MP: 11/11
  3770 | D:3      | Learned a level 4 spell: Passage of Golubria
  3822 | D:3      | Reached skill level 5 in Dodging
  4127 | D:4      | Noticed Dowan
  4127 | D:4      | Noticed Duvessa
  4723 | D:4      | Killed Dowan
  4723 | D:4      | Reached XP level 6. HP: 19/30 MP: 13/13
  4959 | D:4      | Noticed Grinder
  5046 | D:2      | Became a worshipper of Dithmenos the Shadowed
  5213 | D:3      | Killed Duvessa
  5213 | D:3      | Reached skill level 5 in Short Blades
  5595 | D:5      | Entered Level 5 of the Dungeon
  5898 | D:4      | Found a staircase to the Ecumenical Temple.
  5904 | Temple   | Entered the Ecumenical Temple
  6080 | D:4      | Noticed Ijyb
  6097 | D:4      | Killed Ijyb
  6669 | D:5      | Reached XP level 7. HP: 26/33 MP: 15/15
  6758 | D:5      | Reached skill level 6 in Dodging
  6897 | D:5      | Reached skill level 5 in Spellcasting
  6902 | D:5      | Learned a level 3 spell: Lesser Beckoning
  7231 | D:5      | Found Fymoami's Book Boutique.
  8055 | D:6      | Reached XP level 8. HP: 37/37 MP: 17/17
  8597 | D:4      | Paralysed by Grinder for 2 turns
  8607 | D:4      | Paralysed by Grinder for 7 turns
  8617 | D:4      | Killed Grinder
  8617 | D:4      | Reached skill level 7 in Dodging
  8902 | D:4      | Found a staircase to the Ecumenical Temple.
  9367 | D:6      | Reached * piety under Dithmenos
 10044 | D:6      | Found a snail-covered altar of Cheibriados.
 10258 | D:6      | Reached skill level 8 in Dodging
 10925 | D:6      | Reached XP level 9. HP: 13/42 MP: 20/20
 11173 | D:6      | Learned a level 3 spell: Teleport Other
 11615 | D:7      | Reached ** piety under Dithmenos
 11771 | D:7      | Noticed Joseph
 12050 | D:7      | Reached skill level 9 in Dodging
 12956 | D:7      | Killed Joseph
 12956 | D:7      | Reached skill level 10 in Short Blades
 14381 | D:7      | Reached skill level 1 in Slings
 14836 | D:8      | Reached skill level 10 in Dodging
 14840 | D:8      | Reached *** piety under Dithmenos
 15991 | D:7      | Reached XP level 10. HP: 49/49 MP: 21/21
 16522 | D:9      | Noticed Harold
 16918 | D:10     | Entered Level 10 of the Dungeon
 16939 | D:10     | Found a staircase to the Lair.
 16968 | D:10     | Reached skill level 1 in Shields
 17121 | D:9      | Reached skill level 5 in Slings
 17866 | D:9      | Killed Harold
 17866 | D:9      | Reached skill level 11 in Dodging
 18180 | D:9      | Noticed Erolcha
 18187 | D:9      | Killed Erolcha
 18917 | D:10     | Reached skill level 5 in Fighting
 19224 | D:10     | Reached XP level 11. HP: 40/55 MP: 22/22
 20153 | D:10     | Reached **** piety under Dithmenos
 20813 | D:10     | Reached skill level 12 in Dodging
 21228 | D:10     | Noticed Fannar
 21296 | D:10     | Noticed an unseen horror
 21309 | D:10     | Killed an unseen horror
 21312 | D:10     | Killed Fannar
 21872 | Lair:1   | Entered Level 1 of the Lair of Beasts
 22065 | D:10     | Upgraded the game from 0.24-a0-592-g9a1d66b0e3 to
                  | 0.24-a0-613-g1ff6aac338
 22065 | D:10     | Upgraded the game from 0.24-a0-613-g1ff6aac338 to
                  | 0.24-a0-616-ge2a249a6fd
 22065 | D:10     | Quit the game

Levels and vault maps discovered:
D:1:      minmay_arrival_arboretum_small, layout_basic
D:2:      layout_loops_ring, chequers_serial_rivers_room_b,
          grunt_dithmenos_smoke
D:3:      layout_loops_ring, kennysheep_cluttered_room,
          hangedman_decor_peaks_small, minmay_misc_feat_diagonals
D:4:      layout_cave_pools, minmay_temple_entry_arrows, first_ration,
          nicolae_ossuary_entry_plus, uniq_grinder, uniq_ijyb, uniq_duvessa
D:5:      layout_loops_ring, serial_shops, shop
D:6:      layout_loops_ring, nicolae_overflow_hidden_temple
D:7:      layout_loops_ring, uniq_joseph
D:8:      layout_rooms, chequers_serial_rivers_micro_e
D:9:      layout_roguey, the_bakery, uniq_harold, uniq_erolcha
D:10:     layout_loops_ring, minmay_lair_entry_grove, minmay_radiant,
          uniq_fannar
D:11:     layout_long_grid, erik_orc_1, serial_shops,
          nicolae_shop_temple_entry_statues_fountains, nicolae_shop_statue_plus,
          shop, nicolae_shop_statue_plus, uniq_sonja
Temple:   regret_index_temple_chain_breaker
Lair:1:   wad_woods_04, layout_cave_pods, uniq_urug

Skill      XL: |  1  2  3  4  5  6  7  8  9 10 11 |
---------------+----------------------------------+-----
Spellcasting   | 3 4 5 6 7 |  7.0
Short Blades   | 3 4 5 6 8 10 | 10.0
Dodging        | 4 5 6 8 10 11 12 | 12.3
Translocations | 5 6 7 8 |  8.1
Fighting       | 3 5 |  5.8
Slings         | 3 7 9 |  9.7
Shields        | 3 |  3.9
Throwing       | |  1.0

Action                   |  1- 3 |  4- 6 |  7- 9 | 10-12 || total
-------------------------+-------+-------+-------+-------++-------
Melee: Dagger            |    94 |   244 |   830 |   728 ||  1896
       Short sword       |    10 |       |       |       ||    10
 Fire: Hunting sling     |       |       |   105 |   187 ||   292
Throw: Stone             |    24 |    14 |     1 |       ||    39
       Boomerang         |     5 |       |     8 |       ||    13
       Dart              |     4 |     7 |    24 |       ||    35
       Throwing net      |     1 |     1 |       |       ||     2
 Cast: Gell's Gravitas   |     2 |       |    10 |       ||    12
       Blink             |       |     2 |     5 |     2 ||     9
       Passage of Golubr |       |       |     1 |       ||     1
Invok: Shadow Step       |       |       |       |     2 ||     2
Evoke: Wand              |       |    17 |    17 |     7 ||    41
  Use: Scroll            |     1 |     4 |     5 |     4 ||    14
       Potion            |       |     1 |     1 |     4 ||     6
 Stab: Sleeping          |     1 |       |     1 |     3 ||     5
       Held in net/web   |     1 |     1 |       |       ||     2
       Invisible         |       |       |     4 |       ||     4
  Eat: Ration            |       |     1 |     6 |     5 ||    12
Armor: Robe              |     4 |    14 |    33 |    15 ||    66
       Skin              |       |       |       |     1 ||     1
Dodge: Dodged            |    80 |   161 |   492 |   265 ||   998
Block: Buckler           |       |       |     9 |    86 ||    95

Table legend:
 A = Non-vault XP
 B = Vault XP
 C = Vault XP percentage of total XP
 D = Non-vault monster count
 E = Vault monster count
 F = Vault count percentage of total count
                 A         B        C        D         E       F
            +---------+---------+-------+---------+---------+-------
      Total |   10095 |    6675 |  39.8 |     239 |      23 |   8.8
            +---------+---------+-------+---------+---------+-------
        D:1 |      42 |       0 |   0.0 |      19 |       0 |   0.0
        D:2 |      75 |       0 |   0.0 |      12 |       0 |   0.0
        D:3 |     244 |     142 |  36.8 |      31 |       1 |   3.1
        D:4 |      25 |     381 |  93.8 |       4 |       3 |  42.9
        D:5 |     551 |       0 |   0.0 |      20 |       0 |   0.0
        D:6 |    1715 |       0 |   0.0 |      42 |       0 |   0.0
        D:7 |    1274 |     481 |  27.4 |      41 |       1 |   2.4
        D:8 |     823 |       0 |   0.0 |      27 |       0 |   0.0
        D:9 |    1809 |    2258 |  55.5 |      20 |       3 |  13.0
       D:10 |    3389 |    3413 |  50.2 |      18 |      15 |  45.5
       D:11 |     148 |       0 |   0.0 |       5 |       0 |   0.0
            +---------+---------+-------+---------+---------+-------
